 Dungeon Crawl Stone Soup version 0.29-a0-284-gf9362112df (webtiles) character file.

Game seed: 823707457554788696

51 Gribbit the Firebug (level 3, -2/39 HPs)
             Began as a Hill Orc Fire Elementalist on Mar 17, 2022.
             Killed from afar by an orc wizard (6 damage)
             ... with a magic dart
             ... on level 3 of the Dungeon.
             The game lasted 00:09:48 (1221 turns).

Gribbit the Firebug (Hill Orc Fire Elementalist)    Turns: 1221, Time: 00:09:48

Health: -2/39      AC:  2    Str: 10    XL:     3   Next: 83%
Magic:  5/5        EV: 12    Int: 17    God:
Gold:   29         SH:  0    Dex: 11    Spells: 4/5 levels left

rFire   . . .      SeeInvis .   (no weapon)
rCold   . . .      Faith    .   (no shield)
rNeg    . . .      Spirit   .   g - +0 robe
rPois   .          Reflect  .   (no helmet)
rElec   .          Harm     .   (no cloak)
rCorr   .          Rampage  .   (no gloves)
Will    .....                   (no boots)
Stlth   ..........              (no amulet)
HPRegen 0.13/turn               h - +4 ring of slaying
MPRegen 0.09/turn               (no ring)

@: berserking, very quick
A: no striking features
a: no special abilities


You were on level 3 of the Dungeon.
You visited 1 branch of the dungeon, and saw 3 of its levels.

You collected 29 gold pieces.

Inventory:

Armour
 a - a +0 robe
 g - a +0 robe (worn)
Jewellery
 h - a +4 ring of slaying (left hand)
Wands
 k - a wand of flame (6)
Scrolls
 c - a scroll of enchant weapon {unknown}
 d - a scroll of teleportation {unknown}
 e - a scroll of silence {unknown}
 f - a scroll of amnesia {unknown}
 j - a scroll of fog {unknown}
 l - a scroll of fear {unknown}
Potions
 b - a potion of magic


   Skills:
 + Level 1.9 Dodging
 + Level 1.8 Stealth
 + Level 0.6 Unarmed Combat
 + Level 1.9 Spellcasting
 + Level 1.2 Conjurations
 + Level 4.2 Fire Magic


You had 4 spell levels left.
You knew the following spells:

 Your Spells              Type           Power      Damage    Failure   Level
a - Foxfire               Conj/Fire      44%        2x1d6     6%          1

Your spell library contained the following spells:

 Spells                   Type           Power      Damage    Failure   Level
 Scorch                   Fire           32%        2d6       5%          2
 Conjure Flame            Conj/Fire      11%        6-21      19%         3
 Inner Flame              Hex/Fire       8%         N/A       24%         3
 Flame Wave               Conj/Fire      11%        2d5       54%         4


Dungeon Overview and Level Annotations

Branches:
Dungeon (3/15)

Altars:


Message History

The orc wizard flickers and vanishes!
Deactivating autopickup; reactivate with Ctrl-A.
You closely miss something. Something hits you but does no damage.
You bump into the rock wall.
Something hits you.
You hit something.
You hear some strange, mumbled words.
You are more confused.
You bump into the rock wall.
Something hits you but does no damage.
You bump into the rock wall.
Something hits you.
You bump into the rock wall.
Something hits you but does no damage.
You're too confused to move!
Something hits you but does no damage.
You're too confused to cast spells.
Something hits you.
You're too confused to cast spells.
You hear some strange, mumbled words.
A puff of flame appears from out of thin air!
The puff of flame hits you.
You're too confused to cast spells.
Something hits you but does no damage.
You're too confused to cast spells.
Something hits you.
You bump into the rock wall.
Something hits you.
* * * LOW HITPOINT WARNING * * *
You miss something.
You bump into the rock wall.
Something barely misses you.
You feel less confused. Something hits you.
* * * LOW HITPOINT WARNING * * *
It was a potion of berserk rage.
A red film seems to cover your vision as you go berserk!
You feel yourself moving faster!
You feel mighty! Something hits you.
* * * LOW HITPOINT WARNING * * *
You are too berserk!
There are monsters nearby!
There are monsters nearby!
There are monsters nearby!
You feel a strong urge to attack something.
A magic dart appears from out of thin air!
The magic dart hits you.
You die...

#...........#
#######.....'
#.....# ###....
###.#
################.#
#......##.........
#.####.##.........
#@# #.##)........
#.# #.##........#
#{# #.##........#
#######o#
#...........#
#..o...o#
#...........#
#.#######
#............ #.#
#.....#####.. #o#
#.....# #.. #o#
#.....# #..


You could see 2 orcs.

Vanquished Creatures
  3 adders (D:3)
  A worm (D:3)
  A dart slug (D:1)
  6 ball pythons
  4 endoplasms
  A goblin (D:2)
  2 bats (D:1)
  A kobold (D:2)
  4 rats
23 creatures vanquished.

Vanquished Creatures (others)
  49 foxfires
49 creatures vanquished.

Grand Total: 72 creatures vanquished

Notes
Turn   | Place    | Note
-------+----------+-------------------------------------------
     0 | D:1      | Gribbit the Hill Orc Fire Elementalist began the quest for
                  | the Orb.
     0 | D:1      | Reached XP level 1. HP: 14/14 MP: 3/3
   259 | D:1      | Reached XP level 2. HP: 19/20 MP: 1/4
   803 | D:3      | Reached skill level 4 in Fire Magic
   803 | D:3      | Reached XP level 3. HP: 22/26 MP: 1/5
  1221 | D:3      | Killed from afar by an orc wizard

Illustrated notes

Levels and vault maps discovered:
D:1:      matt_arrival_grand_opening, layout_rooms, hex_large, roderic_lattice_a
D:2:      minmay_spotlight, layout_loops_cross, chequers_ecumenical_altar_grove
D:3:      layout_basic

Skill      XL: |  1  2 |
---------------+-------+-----
Fire Magic     | 4 |  4.2
Dodging        | |  1.9
Stealth        | |  1.8
Unarmed Combat | |  0.6
Spellcasting   | |  1.9
Conjurations   | |  1.2

Action                   || total
-------------------------++-------
Melee: Unarmed           ||    31
       Punch             ||     1
 Cast: Foxfire           ||    34
Evoke: Wand              ||     3
  Use: Potion            ||     1
Armor: Robe              ||    11
Dodge: Dodged            ||    35

Table legend: (Time is in decaauts)
 A = Elapsed time spent in this place.
 B = Non-inter-level travel time spent in this place.
 C = Inter-level travel time spent in this place.
 D = Time resting spent in this place.
 E = Time spent auto-exploring this place.
 F = Levels seen in this place.
 G = Mean time per level.
                   A        B        C        D        E       F      G
               +--------+--------+--------+--------+--------+-----+--------+
         Total |   1219 |    757 |    462 |    465 |      0 |   3 |  406.3 |
       Dungeon |   1219 |    757 |    462 |    465 |      0 |   3 |  406.3 |
               +--------+--------+--------+--------+--------+-----+--------+

Top non-repeatable levels by time:
     D:3: 527 daAuts
     D:1: 471 daAuts
     D:2: 221 daAuts
